Construct Infanterie Kompanie
Selects Mechanized Battlegroup
Construct Luftwaffe Kompanie
Construct Panzer Kompanie
Selects StuG Assault Group
Selects Mobile Repair Stations
Selects Stoßtruppen Assault Package
Selects Zeroing Artillery Barrage
Selects UNKNOWN (2160084)
Zeroing Artillery Barrage
Construct Panzergrenadier Kompanie
Zeroing Artillery Barrage
Zeroing Artillery Barrage
Zeroing Artillery Barrage